 Dungeon Crawl Stone Soup version 0.16-a0-3536-g164200f (webtiles) character file.

387 Stone the Basher (level 6, -1/62 HPs)
             Began as an Ogre Fighter on Jan 8, 2015.
             Slain by a scorpion (5 damage)
             ... summoned by a shadow trap
             ... triggered by an orc wizard
             ... on level 4 of the Dungeon.
             The game lasted 00:11:50 (3401 turns).

Stone the Basher (Ogre Fighter)                     Turns: 3401, Time: 00:11:50

Health: -1/62      AC:  4    Str: 24    XL:     6   Next: 78%
Magic:  6/6        EV:  7    Int:  7    God:
Gold:   191        SH:  8    Dex:  9    Spells: 0 memorised, 5 levels left

rFire  . . .     SeeInvis .     a - +0 flail
rCold  . . .     Clarity  .     b - +0 robe
rNeg   . . .     SustAb   .     c - +0 shield
rPois  .         Gourm    .     (helmet restricted)
rElec  .         Spirit   .     j - +0 cloak
rCorr  .         Warding  .     (gloves unavailable)
rMut   .         Stasis   .     (boots unavailable)
MR     .....                    (no amulet)
Stlth  +.........               (no ring)
                                (no ring)

@: not resistant to hostile enchantments, very unstealthy
A: unfitting armour, tough skin 1
a: no special abilities


You were on level 4 of the Dungeon.
You were not hungry.

You visited 1 branch of the dungeon, and saw 4 of its levels.

You collected 191 gold pieces.

Inventory:

Hand weapons
 a - a +0 flail (weapon)
 e - a +0 battleaxe of freezing
Armour
 b - a +0 robe (worn)
 c - a +0 shield (worn)
 i - a +0 shield
 j - a +0 cloak (worn)
Scrolls
 h - 2 scrolls of enchant armour
 l - a scroll of identify
 m - 3 scrolls of remove curse
 n - a scroll of random uselessness
Potions
 f - a potion of curing
 g - 2 potions of cancellation {unknown}
 k - 2 potions of magic {unknown}
Comestibles
 d - 2 meat rations
 o - 3 fruits
 p - a bread ration


   Skills:
 - Level 4.0 Fighting
 + Level 9.2 Maces & Flails
 - Level 2.4 Armour
 - Level 2.6 Shields


You had 5 spell levels left.
You didn't know any spells.

Dungeon Overview and Level Annotations

Branches:
Dungeon (4/15)
 Temple: D:4-7

Altars:


Innate Abilities, Weirdness & Mutations

You are too large for most types of armour.
You have tough skin (AC +1).


Message History

You block the hound's attack. x2
You thump the orc!
You kill the orc!
The orc's corpse disappears in a puff of smoke!
The hound barely misses you.
Shadows whirl around the orc wizard...
Your shield prevents you from hitting the orc wizard.
The orc wizard is almost dead.
The hound bites you.
* * * LOW HITPOINT WARNING * * *
The orc wizard hits you with a dagger.
* * * LOW HITPOINT WARNING * * *
You block the hound's attack.
You hit the orc wizard.
You kill the orc wizard!
The hound bites you.
* * * LOW HITPOINT WARNING * * *
You closely miss the scorpion. The hound bites you.
* * * LOW HITPOINT WARNING * * *
The scorpion stings you.
You die...

#..#####.#.#####
###..........(..#
..#..####..####.#
#.#..# #..#
#.#..# #..#
#.#..# #..#
#.#..# #.##
#h#..# #.. #@#..#
#.#
######s#..####.#
#....sYlo......#
#.####r#........
#.#.####### #.#.#
#.#.# ....# #.#..


You could see an ice beast, a scorpion, a hound, a giant mite, a giant newt and
a rat.

Vanquished Creatures
  The ghost of Stone the Chopper, an average HOFi (D:3)
  A giant frog skeleton (D:3)
  An orc priest (D:4)
  An iguana (D:4)
  2 orc wizards (D:4)
  A worker ant (D:4)
  6 adders
  A worm (D:2)
  A giant mite (D:3)
  An ooze (D:3)
  9 orcs
  2 giant cockroaches
  11 goblins
  9 hobgoblins
  7 jackals
  2 quokkas (D:2)
  11 bats
  A giant gecko (D:2)
  5 giant newts
  5 kobolds
  9 rats
87 creatures vanquished.

Notes
Turn   | Place    | Note
--------------------------------------------------------------
     0 | D:1      | Stone, the Ogre Fighter, began the quest for the Orb.
     0 | D:1      | Reached XP level 1. HP: 24/24 MP: 1/1
   147 | D:1      | Reached XP level 2. HP: 8/32 MP: 2/2
   673 | D:1      | Reached XP level 3. HP: 39/39 MP: 3/3
   859 | D:2      | Reached skill level 5 in Maces & Flails
  1190 | D:2      | Reached XP level 4. HP: 41/48 MP: 4/4
  2074 | D:3      | Reached skill level 6 in Maces & Flails
  2099 | D:3      | Noticed Stone's ghost (average HOFi)
  2113 | D:3      | Killed Stone's ghost
  2113 | D:3      | Reached skill level 7 in Maces & Flails
  2113 | D:3      | Reached XP level 5. HP: 5/54 MP: 5/5
  2602 | D:3      | Reached skill level 8 in Maces & Flails
  2602 | D:3      | Reached XP level 6. HP: 55/62 MP: 6/6
  3397 | D:4      | Reached skill level 9 in Maces & Flails
  3401 | D:4      | Slain by a scorpion

Action                   |  1- 3 |  4- 6 || total
-------------------------+-------+-------++-------
Melee: Flail             |    94 |   165 ||   259
  Use: Scroll            |     1 |     6 ||     7
       Potion            |       |     3 ||     3
  Eat: Chunk             |     1 |     3 ||     4
       Royal jelly       |       |     1 ||     1
       Bread ration      |       |     1 ||     1
